 Dungeon Crawl Stone Soup version 0.18-a0-1702-gd20c6a5 (webtiles) character file.

60 HeOfManyNames the Ruffian (level 3, -13/29 HPs)
             Began as a Mummy Monk on Apr 7, 2016.
             Killed from afar by Ijyb (21 damage)
             ... with a wand of acid
             ... on level 2 of the Dungeon.
             The game lasted 00:01:10 (1727 turns).

HeOfManyNames the Ruffian (Mummy Monk)              Turns: 1727, Time: 00:01:11

Health: -13/29     AC:  1    Str: 15    XL:     3   Next: 80%
Magic:  3/3        EV: 13    Int:  9    God:
Gold:   77         SH:  0    Dex: 14    Spells: 0 memorised, 2 levels left

rFire  x . .     SeeInvis .       - Unarmed
rCold  + . .     Gourm    .     (no armour)
rNeg   + + +     Faith    .     (no shield)
rPois  ∞         Spirit   .     (no helmet)
rElec  .         Dismiss  .     b - +0 cloak (curse)
rCorr  .         Reflect  .     (no gloves)
SustAt .         Harm     .     (no boots)
MR     .....                    (no amulet)
Stlth  ++........               (no ring)
                                (no ring)

@: not resistant to hostile enchantments, unstealthy
A: no food or potions, fire vulnerability, cold resistance 1, negative energy
resistance 3, torment resistance, unbreathing
a: no special abilities


You were on level 2 of the Dungeon.
You were not hungry.

You visited 1 branch of the dungeon, and saw 3 of its levels.

You collected 77 gold pieces.


Innate Abilities, Weirdness & Mutations

You do not eat or drink.
Your flesh is vulnerable to fire.
You are immune to poison.
Your flesh is cold resistant.
You are immune to negative energy.
You are immune to unholy pain and torment.
You can survive without breathing.


   Skills:
 - Level 3.0 Fighting
 - Level 2.4 Dodging
 - Level 1.5 Stealth
 + Level 4.5 Unarmed Combat


You had 2 spell levels left.
You didn't know any spells.

Inventory:

Armour
 b - a cursed +0 cloak (worn)
Scrolls
 a - 2 scrolls of identify {unknown}
 c - a scroll of remove curse {unknown}
 d - a scroll of enchant armour {unknown}
 e - a scroll of blinking {unknown}

Dungeon Overview and Level Annotations

Branches:
Dungeon (3/15)

Altars:

Annotations:
D:2 Ijyb

▒▒▒▒▒▒......▒
▒▒▒▒▒▒▒.....▒
............▒
..........>.▒
............▒
▒▒▒+▒▒......▒
▒.▒▒......▒
▒▒▒g▒▒......▒
▒..M........▒
▒......▒▒▒.▒▒
▒......▒ ▒.▒
▒......▒ ▒.▒
▒......▒ ▒.▒
▒......▒ ▒.▒
▒......▒ ▒.▒
▒▒▒'▒▒▒▒ ▒.▒
▒.▒▒▒▒▒▒.▒


You could see Ijyb.


Message History

You are too injured to fight recklessly!!!
You are too injured to fight recklessly!!!
You are too injured to fight recklessly!!!
You are too injured to fight recklessly!!!
You are too injured to fight recklessly!!!
You are too injured to fight recklessly!!!
You are too injured to fight recklessly!!!
You are too injured to fight recklessly!!!
You are too injured to fight recklessly!!!
You are too injured to fight recklessly!!!
You are too injured to fight recklessly!!!
You are too injured to fight recklessly!!!
You are too injured to fight recklessly!!!
You are too injured to fight recklessly!!!
You are too injured to fight recklessly!!!
You are too injured to fight recklessly!!!
You are too injured to fight recklessly!!!
You are too injured to fight recklessly!!!
You are too injured to fight recklessly!!!
You are too injured to fight recklessly!!!
You are too injured to fight recklessly!!!
You are too injured to fight recklessly!!!
You are too injured to fight recklessly!!!
You are too injured to fight recklessly!!!
You closely miss Ijyb!
Ijyb is heavily wounded!
Ijyb screams, "Me very upset!!!"
Ijyb zaps a wand!
The bolt of acid hits you!!!
DANG rip

Action                   || total
-------------------------++-------
Melee: Unarmed           ||   104
 Stab: Sleeping          ||     7

Vault maps used:
D:1:      elethiomel_arrival_shortcut, minmay_misc_feat_pillars
D:2:      uniq_iyjb
D:3:      first_bread, kennysheep_boxes, uniq_natasha, uniq_grinder,
          uniq_sigmund

Notes
Turn   | Place    | Note
--------------------------------------------------------------
     0 | D:1      | HeOfManyNames the Mummy Monk began the quest for the Orb.
     0 | D:1      | Reached XP level 1. HP: 18/18 MP: 1/1
   566 | D:1      | Reached XP level 2. HP: 23/24 MP: 2/2
   937 | D:1      | Reached skill level 4 in Unarmed Combat
   937 | D:1      | Reached XP level 3. HP: 7/29 MP: 3/3
  1289 | D:2      | HP: 2/29 [worm (6)]
  1722 | D:2      | Noticed Ijyb
  1727 | D:2      | Killed from afar by Ijyb

Vanquished Creatures
  2 adders
  An ooze (D:2)
  A worm (D:2)
  A dart slug (D:2)
  2 giant geckos
  A ball python (D:2)
  2 giant cockroaches (D:1)
  3 goblins
  4 hobgoblins
  2 bats (D:2)
  6 kobolds
  5 rats
30 creatures vanquished.
